Map: Post-Youth LE

Players

Authanis

  • Race: Protoss Protoss
  • Spawn Location: 7:00

A.I. 1 (Very Hard)

  • Race: Terran Terran
  • Spawn Location: 1:00

VOD

Have the link to the VOD?

Description

Time

  • Played on: Oct. 6, 2024, 4:46 a.m.
  • Length: 18:02
Show
View Real Time Build Order
Export as new Build Order

Authanis Protoss 

Build Orders: 1 Gate Expand 

Get SALT Encoding   

  12  0:00  Probe x12  
  12  0:06  Unknown  
  12  0:07  Probe  
  13  0:23  Pylon, Probe  
  14  0:44  Probe (Chrono Boost)  
  14  0:45  Gateway  
  15  0:53  Assimilator  
  15  0:54  Probe (Chrono Boost)  
  16  0:59  Probe (Chrono Boost)  
  17  1:23  Nexus  
  17  1:26  Probe  
  18  1:38  Probe  
  19  1:42  Cybernetics Core  
  19  2:12  Stalker  
  19  2:21  Warp Gate  
  21  2:24  Probe (Chrono Boost)  
  22  2:35  Probe (Chrono Boost)  
  23  2:40  Probe (Chrono Boost)  
  25  2:45  Stalker, Probe (Chrono Boost)  
  25  2:49  Probe (Chrono Boost)  
  29  2:53  Probe x2 (Chrono Boost)  
  29  2:56  Assimilator  
  30  3:03  Probe x2  
  32  3:10  Pylon  
  32  3:14  Robotics Facility  
  32  3:15  Probe  
  33  3:21  Forge  
  33  3:32  Probe (Chrono Boost)  
  35  3:42  Assimilator  
  35  3:43  Probe (Chrono Boost)  
  35  3:44  Assimilator  
  35  3:47  Probe (Chrono Boost)  
  35  3:52  Twilight Council  
  35  3:55  Gateway  
  36  3:56  Gateway  
  36  3:58  Probe, Gateway x2  
  37  4:07  Observer  
  38  4:10  Probe  
  38  4:15  Probe  
  40  4:27  Probe  
  41  4:39  Probe  
  41  4:42  Stalker  
  44  4:51  Probe  
  45  4:54  Pylon  
  45  4:59  Pylon, Blink  
  45  5:04  Probe  
  45  5:05  Pylon  
  46  5:15  Stalker  
  46  5:16  Stalker x3  
  46  5:19  Protoss Ground Weapons Level 1, Observer  
  54  5:27  Immortal  
  58  5:52  Stargate  
  58  6:07  Nexus  
  58  6:10  Pylon  
  58  6:11  Zealot x3  
  62  6:12  Pylon, Zealot x2  
  62  6:15  Assimilator  
  62  6:17  Assimilator  
  68  6:23  Pylon  
  68  6:27  Stargate  
  68  6:32  Immortal  
  72  6:41  Probe  
  73  6:48  Sentry x2  
  73  6:50  Zealot  
  73  6:51  Zealot x2  
  73  6:53  Probe  
  84  6:58  Charge (Chrono Boost)  
  84  7:00  Shield Battery  
  84  7:02  Shield Battery  
  84  7:05  Probe  
  85  7:14  Oracle x2 (Chrono Boost)  
  91  7:16  Protoss Ground Armor Level 1  
  91  7:20  Probe (Chrono Boost)  
  93  7:22  Probe (Chrono Boost)  
  94  7:31  Immortal  
  94  7:33  Probe (Chrono Boost)  
  94  7:34  Probe (Chrono Boost)  
  99  7:37  Probe (Chrono Boost)  
  100  7:48  Oracle (Chrono Boost)  
  100  7:49  Probe  
  104  8:01  Probe  
  109  8:21  Void Ray  
  109  8:34  Pylon  
  109  8:42  Gateway  
  109  8:52  Gateway  
  113  8:58  Void Ray, Pylon  
  113  8:59  Pylon  
  117  9:04  Void Ray  
  90  9:39  Zealot x4  
  90  9:40  Zealot x2  
  90  9:41  Void Ray  
  94  9:47  Void Ray  
  80  10:06  Stalker x3  
  80  10:07  Stalker x4  
  92  10:16  Probe (Chrono Boost)  
  93  10:24  Oracle  
  93  10:26  Probe (Chrono Boost)  
  93  10:27  Oracle  
  100  10:30  Probe (Chrono Boost)  
  101  10:42  Probe  
  102  10:54  Probe  
  103  11:01  Oracle  
  102  11:04  Oracle  
  95  11:44  Void Ray  
  91  11:47  Void Ray  
  91  11:55  Fleet Beacon  
  91  12:02  Zealot  
  91  12:03  Zealot x4  
  91  12:04  Zealot x2  
  105  12:08  Protoss Ground Weapons Level 2  
  105  12:12  Immortal  
  109  12:20  Probe  
  109  12:21  Protoss Air Weapons Level 1  
  114  12:27  Void Ray  
  114  12:32  Probe  
  114  12:34  Nexus  
  115  12:40  Pylon  
  115  12:43  Pylon  
  115  12:45  Probe  
  115  12:46  Assimilator  
  115  12:51  Assimilator  
  117  12:53  Void Ray  
  117  12:58  Probe, Immortal  
  116  13:10  Void Ray, Probe  
  107  13:37  Immortal  
  111  13:54  Carrier x2  
  123  14:09  Stalker x2  
  127  14:10  Stalker x5  
  127  14:17  Immortal  
  141  14:30  Protoss Air Armor Level 1  
  141  14:33  Protoss Ground Armor Level 2  
  137  14:56  Immortal  
  137  14:58  Carrier  
  147  15:55  Pylon  
  147  15:57  Pylon  
  147  16:00  Pylon  
  147  16:02  Pylon  
  147  16:04  Pylon  
  147  16:13  Carrier  
  147  16:15  Carrier  
Show
View Real Time Build Order
Export as new Build Order

A.I. 1 (Very Hard) Terran 

Build Orders:  

Get SALT Encoding   

  12  0:00  Orbital Command, SCV x12  
  12  0:06  SCV  
  13  0:18  SCV  
  14  0:51  Command Center  
  14  0:58  Supply Depot, SCV  
  15  1:19  SCV  
  15  1:22  Barracks  
  16  1:31  SCV  
  17  1:43  SCV  
  18  1:55  SCV  
  18  1:56  Refinery  
  19  2:10  Supply Depot, Marine  
  19  2:11  Orbital Command, SCV  
  21  2:21  Refinery  
  21  2:24  SCV  
  21  2:27  Marine  
  23  2:37  SCV x2  
  25  2:45  Marine  
  26  2:53  Factory  
  26  3:01  Barracks  
  26  3:03  Marine  
  27  3:09  SCV  
  28  3:21  Marine  
  28  3:23  Supply Depot  
  29  3:31  SCV  
  30  3:41  Starport, Barracks Tech Lab  
  30  3:42  Supply Depot  
  30  3:46  SCV  
  30  3:47  Marine  
  32  3:59  Marine  
  32  4:01  Stimpack  
  33  4:05  Barracks Tech Lab  
  33  4:16  Supply Depot  
  33  4:17  Medivac, Marine  
  33  4:22  SCV  
  33  4:24  Marine  
  37  4:29  Supply Depot  
  38  4:33  Combat Shield  
  38  4:35  Marine  
  39  4:42  Marine  
  40  4:47  Medivac  
  42  4:53  Marauder  
  44  5:00  Marauder  
  44  5:02  Barracks  
  46  5:14  Marauder  
  46  5:21  Marine  
  48  5:25  Factory Tech Lab  
  49  5:35  Marine  
  49  5:39  Marauder  
  52  5:43  Siege Tank  
  52  5:46  Engineering Bay  
  52  5:49  Barracks Reactor  
  55  5:53  Engineering Bay, Marine  
  56  6:00  Barracks  
  56  6:01  Marauder  
  58  6:11  Marauder  
  58  6:16  Siege Tank  
  63  6:22  Marauder  
  63  6:25  Marine  
  66  6:29  Marine  
  67  6:33  Marauder  
  67  6:35  Supply Depot  
  69  6:43  Marauder  
  71  6:48  Siege Tank  
  74  6:54  Marauder  
  76  7:11  Supply Depot  
  76  7:17  Concussive Shells  
  76  7:20  Siege Tank  
  79  7:27  Missile Turret  
  79  7:36  Terran Infantry Weapons Level 1  
  79  7:49  Missile Turret  
  79  7:55  Terran Infantry Armor Level 1  
  79  8:04  Starport Reactor  
  79  8:08  Marauder  
  79  8:11  Missile Turret  
  81  8:13  Marauder  
  83  8:29  Orbital Command  
  83  8:36  Siege Tank  
  83  8:37  Supply Depot  
  85  9:09  Widow Mine  
  79  9:13  SCV  
  76  9:19  SCV  
  76  9:21  Marine  
  76  9:22  Marine  
  68  9:25  SCV  
  68  9:30  Siege Tank  
  58  9:32  SCV  
  58  9:38  SCV  
  41  9:39  Marauder  
  41  9:44  SCV  
  38  9:50  SCV  
  31  9:56  SCV  
  25  10:02  Widow Mine, SCV  
  20  10:08  SCV  
  22  10:14  SCV  
  22  10:21  SCV  
  23  10:31  SCV  
  24  10:36  Marine  
  24  10:40  Marine  
  26  10:46  Marine  
  27  10:51  Marine  
  28  10:57  Marine  
  28  11:03  Marine  
  20  11:08  Marine  
  19  11:11  Marine  
  19  11:16  Marine  
  19  11:20  Marine  
  20  11:27  Marauder  
  23  11:40  Marauder  
  23  11:45  Marine  
  23  11:46  Marine  
  24  11:53  Marine  
  25  11:58  Marine  
  26  12:06  Marauder  
  28  12:18  Marauder  
  30  12:23  SCV  
  33  12:30  Marauder  
  33  12:40  Marauder  
  35  12:44  Marine  
  35  12:47  Marine  
  37  12:59  Marauder  
  37  13:04  Marine  
  30  13:09  Marine  
  17  13:23  Marine  
  15  13:34  Marine  
Tags
 
Add a new tag
Caveats
  • Supply blocks, unpowered buildings, or Contaminate may cause inaccurate times.
  • Supply counts are checked every 10 seconds.